 Dungeon Crawl Stone Soup version 0.30-a0-341-g682706514a (webtiles) character file.

Game seed: 15731956153860516053

128 JOEMAMA2 the Conjurer (level 4, -3/36 HPs)
             Began as a Deep Elf Conjurer on Nov 1, 2022.
             Killed from afar by an orc wizard (11 damage)
             ... with a puff of flame
             ... on level 3 of the Dungeon.
             The game lasted 00:12:47 (2056 turns).

JOEMAMA2 the Conjurer (Deep Elf Conjurer)           Turns: 2056, Time: 00:12:49

Health: -3/36      AC: 22    Str:  4    XL:     4   Next: 87%
Magic:  4/12       EV:  2    Int: 25    God:
Gold:   142        SH:  0    Dex: 13    Spells: 8/12 levels left

rFire   . . .      SeeInvis .    (no weapon)
rCold   . . .      Faith    .    (no shield)
rNeg    . . .      Spirit   .    (body armour currently unavailable)
rPois   +          Reflect  .    (helmet currently unavailable)
rElec   .          Harm     .    (cloak currently unavailable)
rCorr   .          Rampage  .    (gloves currently unavailable)
Will    .....      NoTele   +    (boots currently unavailable)
Stlth   +.........               (no amulet)
HPRegen 0.26/turn                (no ring)
MPRegen 0.13/turn                (no ring)

@: confused, tree-form (expiring)
A: stationary, stasis, torment immunity, boosted hp
a: no special abilities


You were on level 3 of the Dungeon.
You were a tree.
You visited 1 branch of the dungeon, and saw 3 of its levels.

You collected 142 gold pieces.

Inventory:

Armour
 a - a +0 robe (melded)
Magical Staves
 g - a staff of air
Scrolls
 e - 2 scrolls of teleportation {unknown}
 f - 4 scrolls of identify {unknown}
 i - a scroll of vulnerability {unknown}
 j - a scroll of enchant armour {unknown}
 k - a scroll of butterflies {unknown}
 l - a scroll of enchant weapon {unknown}
 m - a scroll of amnesia {unknown}
 n - a scroll of brand weapon {unknown}
Potions
 c - a potion of lignification
 h - a potion of attraction


   Skills:
 + Level 3.1 Dodging
 + Level 2.7 Stealth
 + Level 4.7 Spellcasting
 + Level 5.6 Conjurations
 + Level 0.7 Necromancy


You had 8 spell levels left.
You knew the following spells:

 Your Spells              Type           Power      Damage    Failure   Level
a - Magic Dart            Conj           100%       1d8       1%          1
b - Necrotise             Necr           36%        1d5       6%          1
c - Searing Ray           Conj           68%        2d6       1%          2

Your spell library contained the following spells:

 Spells                   Type           Power      Damage    Failure   Level
 Dazzling Flash           Conj/Hex       40%        N/A       8%          3
 Apportation              Tloc           10%        N/A       9%          1
 Summon Small Mammal      Summ           20%        N/A       9%          1
 Sublimation of Blood     Necr           9%         N/A       10%         2
 Fulminant Prism          Conj/Hex       10%        3d8       26%         4
 Iskenderun's Mystic Bla  Conj/Tloc      20%        2d6       26%         4
 Irradiate                Conj/Tmut      10%        3d15      58%         5
 Petrify                  Tmut/Erth      5%         N/A       63%         4


Dungeon Overview and Level Annotations

Branches:
Dungeon (3/15)

Altars:
Zin


Message History

Something hits you.
* * * LOW HITPOINT WARNING * * *
The orc is attracted toward you.
You closely miss the orc. The orc hits you with a +0 club.
* * * LOW HITPOINT WARNING * * *
Something hits you but does no damage.
It was a potion of lignification.
You turn into a tree.
Your +0 robe melds into your body.
Your roots penetrate the ground.
The orc hits you but does no damage. Something hits you but does no damage.
You cannot move. (Use ctrl+direction or * direction to attack while stationary and confused.)
You attack the rock wall.
The orc hits you but does no damage. Something hits you but does no damage.
You attack the rock wall.
You feel less confused. The orc hits you but does no damage.
You hear some strange, mumbled words.
You are confused.
You feel less attractive to monsters.
You swing at nothing.
The orc hits you but does no damage. Something hits you but does no damage.
You're too confused to cast spells.
You barely miss the orc. The orc hits you but does no damage.
You hear some strange, mumbled words.
You are more confused.
You nearly hit yourself!
The orc hits you but does no damage. Something hits you but does no damage.
You attack the rock wall.
The orc hits you but does no damage. Something hits you but does no damage.
You closely miss something. The orc hits you but does no damage.
The orc throws a stone.
The stone hits you but does no damage. Something hits you but does no damage.
You attack the rock wall.
The orc hits you but does no damage. Something hits you but does no damage.
You attack the rock wall.
Your transformation is almost over.
The orc hits you but does no damage.
You hear some strange, mumbled words.
A puff of flame appears from out of thin air!
The puff of flame hits you!
You die...

## ##.. ...# ...#
..# # #..###..#
####.##.......#
......o.)..##.#.#
#. #♣#.......#
###.##{#........
##.....o.........
....§.).........
## #
.#...##).##..##
..#. ##.#
##....## #... #.
##†.## ##.# .
#..# ##..# #"# #
..###.)###...#
#.#


You could see 2 orcs.

Vanquished Creatures
  An orc priest (D:3)
  Natasha (D:3)
  6 orcs (D:3)
  2 endoplasms
  4 giant cockroaches
  7 hobgoblins
  3 jackals (D:1)
  3 quokkas
  3 ball pythons
  2 bats (D:2)
  4 frilled lizards
  6 kobolds
  5 rats
47 creatures vanquished.

Vanquished Creatures (others)
  An orc wizard (D:3)
1 creature vanquished.

Grand Total: 48 creatures vanquished

Notes
Turn   | Place    | Note
-------+----------+-------------------------------------------
     0 | D:1      | JOEMAMA2 the Deep Elf Conjurer began the quest for the Orb.
     0 | D:1      | Reached XP level 1. HP: 10/10 MP: 6/6
   304 | D:1      | Reached XP level 2. HP: 15/15 MP: 1/8
   534 | D:1      | Reached skill level 5 in Conjurations
  1110 | D:2      | Reached XP level 3. HP: 19/19 MP: 7/10
  1255 | D:2      | Learned a level 1 spell: Necrotise
  1258 | D:2      | Learned a level 2 spell: Searing Ray
  1299 | D:2      | Found a glowing silver altar of Zin.
  1991 | D:3      | Noticed Natasha
  1996 | D:3      | Reached XP level 4. HP: 14/24 MP: 1/12
  2016 | D:3      | Killed Natasha
  2056 | D:3      | Killed from afar by an orc wizard

Illustrated notes

Levels and vault maps discovered:
D:1:      eino_arrival_water_star, layout_basic, grunt_decor_arrowhead
D:2:      layout_basic, basic_altar
D:3:      layout_loops_ring, palyth_stone_intersect, minmay_misc_feat_tower,
          hangedman_abyss_or_decor_stabs, uniq_natasha

Skill      XL: |  1  2  3  4 |
---------------+-------------+-----
Conjurations   | 5 |  5.6
Spellcasting   | 4 |  4.7
Dodging        | 3 |  3.1
Stealth        | |  2.7
Necromancy     | |  0.7

Action                   |  1- 3 |  4- 6 || total
-------------------------+-------+-------++-------
Melee: Unarmed           |       |     7 ||     7
 Cast: Magic Dart        |    73 |       ||    73
       Necrotise         |     3 |       ||     3
       Searing Ray       |     1 |     9 ||    10
  Use: Potion            |       |     4 ||     4
Armor: Robe              |     1 |     9 ||    10
       Skin              |       |    18 ||    18
Dodge: Dodged            |    12 |    20 ||    32

Table legend: (Time is in decaauts)
 A = Elapsed time spent in this place.
 B = Non-inter-level travel time spent in this place.
 C = Inter-level travel time spent in this place.
 D = Time resting spent in this place.
 E = Time spent auto-exploring this place.
 F = Levels seen in this place.
 G = Mean time per level.
                   A        B        C        D        E       F      G
               +--------+--------+--------+--------+--------+-----+--------+
         Total |   2056 |   2013 |     43 |      0 |   1711 |   3 |  685.3 |
       Dungeon |   2056 |   2013 |     43 |      0 |   1711 |   3 |  685.3 |
               +--------+--------+--------+--------+--------+-----+--------+

Top non-repeatable levels by time:
     D:1: 1046 daAuts
     D:2: 769 daAuts
     D:3: 239 daAuts
